 Dungeon Sprint DCSS version 0.17.0-56-gd8de76c (webtiles) character file.

558 kosy22 the Nimble (level 9, -14/98 HPs)
             Began as a Troll Fighter on Dec 5, 2015.
             Was a High Priest of Qazlal.
             Demolished by an iron troll (25 damage)
             ... in the Dungeon (Sprint VI: "Thunderdome").
             The game lasted 00:10:39 (838 turns).

kosy22 the Nimble (Troll Fighter)                    Turns: 838, Time: 00:10:39

Health: -14/98     AC: 11    Str: 29    XL:     9   Next: 87%
Magic:  1/9        EV: 13    Int:  9    God:    Qazlal [*****.]
Gold:   338        SH: 17    Dex:  9    Spells: 0 memorised, 8 levels left

rFire  . . .     SeeInvis .       - Unarmed
rCold  + . .     Clarity  .     q - +2 robe {rC+}
rNeg   + . .     SustAt   .     b - +0 shield
rPois  .         Gourm    +     (helmet restricted)
rElec  .         Spirit   .     c - +0 cloak of Analysis {rN+}
rCorr  .         Warding  .     (gloves unavailable)
rMut   .         NoTele   +     (boots unavailable)
MR     .....                    (no amulet)
Stlth  +.........               (no ring)
                                (no ring)

@: brilliant, protected from physical damage, repel missiles, not resistant to
hostile enchantments, very unstealthy
A: unfitting armour, claws 3, fast metabolism 3, gourmand, regeneration 2,
shaggy fur 1, tough skin 2
a: Upheaval, Elemental Force, Disaster Area, Renounce Religion
}: 1/15 runes: serpentine


You were in the Dungeon.
You worshipped Qazlal.
Qazlal was extremely pleased with you.
You were not hungry.

You visited 1 branch You collected 850 gold pieces.
You spent 512 gold pieces at shops.

Inventory:

Armour
 a - a +0 robe
 b - a +0 shield (worn)
 c - the +0 cloak of Analysis (worn) {rN+}
   (You found it in the Dungeon)

   It protects you from negative energy.
 q - a +2 robe of cold resistance (worn)
 s - a +1 robe of resistance
 t - a +0 troll leather armour
 u - the +0 cloak of Uveream {MR+ Str+3 Int-5 Dex+6}
   (You bought it in a shop in the Dungeon)

   It affects your strength (+3).
   It affects your intelligence (-5).
   It affects your dexterity (+6).
   It affects your resistance to hostile enchantments.
Wands
 i - a wand of flame (4)
 k - a wand of cold (2)
 l - a wand of fire (2)
 p - a wand of flame (19)
Scrolls
 j - 2 scrolls of blinking
 m - 3 scrolls of fog
Potions
 g - 4 potions of haste
 h - 2 potions of magic
 n - a potion of resistance
 o - a potion of mutation {unknown}


   Skills:
 + Level 9.1 Fighting
 + Level 10.4 Dodging
 + Level 1.5 Stealth
 + Level 9.0 Shields
 + Level 7.4 Unarmed Combat
   Level 3.3 Ice Magic
 + Level 1.5 Invocations
 + Level 1.6 Evocations


You had 8 spell levels left.
You didn't know any spells.

Dungeon Overview and Level Annotations

Branches:
Dungeon (1/1)

Altars:
Cheibriados
Dithmenos
Fedhas
Gozag
Kikubaaqudgha
Makhleb
Okawaru
Qazlal
Ru
Sif Muna
Trog
Vehumet
Xom
Yredelemnul
Zin
The Shining One
Jiyva
Lugonu

Shops:
D *[%??*?*:[((!!!!


Innate Abilities, Weirdness & Mutations

You are too large for most types of armour.
You have claws for hands.
Your metabolism is lightning-fast.
You like to eat raw meat.
You heal very quickly.
You are covered in fur (AC +1).
You have very tough skin (AC +2).


Message History

A boulder beetle comes into view.
The boulder beetle twitches its antennae in your direction.
You fail to use your ability.
You fail to use your ability.
The boulder beetle curls into a ball and starts rolling!
You fail to use your ability.
The boulder beetle hits a granite statue.
The boulder beetle stops rolling.
You fail to use your ability.
Nature churns violently around you!
The blast of rubble hits the iron troll.
The iron troll is moderately wounded.
The blast of rubble hits the iron troll.
The boulder beetle is engulfed in freezing vapours. 20...
The iron troll bites you!!
* * * LOW HITPOINT WARNING * * *
You block the iron troll's attack. x2
The iron troll bites you!!
You die...

##∩.....∩## #∩.......∩#
#.........# #_......._#
#_......._# ###...E.....###
#⌠§§.T.......⌠#
######.8BT§E.E...8.######
##∩.__.[.@T§###.......__∩#
###∩........8.# #.8........∩
##........§....###......)[...
#⌠..........###...###..E))...
#⌠..........# #.<.# #........
#⌠..........###...###........
##......÷......###...).......
###∩........8.# #.8........∩
##∩___......###.E....__.∩#


You could see 3 iron trolls, a boulder beetle and 3 earth elementals.

Vanquished Creatures
  Aizul (D)
  Grinder (D)
  Sigmund (D)
  A yak (D)
  Eustachio (D)
  A water moccasin (D)
  A porcupine (D)
  A quasit (D)
  A crimson imp (D)
  2 iron imps (D)
  6 orc priests (D)
  Jessica (D)
  Terence (D)
  A worker ant (D)
  3 hell rats (D)
  A shadow imp (D)
  A giant newt (D)
25 creatures vanquished.

Notes
Turn   | Place    | Note
--------------------------------------------------------------
     0 | D        | kosy22 the Troll Fighter began the quest for the Orb.
     0 | D        | Reached XP level 1. HP: 22/22 MP: 0/0
     1 | D        | Found a snail-covered altar of Cheibriados.
     2 | D        | Found a shadowy altar of Dithmenos.
     2 | D        | Found a blossoming altar of Fedhas.
     4 | D        | Found a basalt altar of Yredelemnul.
     4 | D        | Found a deep blue altar of Sif Muna.
     4 | D        | Found Awets's Staff Store.
     4 | D        | Found Suit's Magic Scroll Shop.
     5 | D        | Found Ynkihyh's Must-Have Magic.
     5 | D        | Found Govouvo's Magic Scroll Shop.
     5 | D        | Round 1.
    11 | D        | Found a burning altar of Makhleb.
    12 | D        | Found Fiesaoca's Distillery.
    13 | D        | Found Ahook's Distillery.
    13 | D        | Found Zivarch's Bottled Wisdom.
    14 | D        | Found a stormy altar of Qazlal.
    14 | D        | Found a sacrificial altar of Ru.
    14 | D        | Found Haruo's Do-It-Yourself Clinic.
    18 | D        | Found a glowing golden altar of the Shining One.
    22 | D        | Became a worshipper of Qazlal Stormbringer
    24 | D        | Found a corrupted altar of Lugonu.
    25 | D        | Found an iron altar of Okawaru.
    25 | D        | Found Maad's Weapon Rack.
    30 | D        | Noticed a worker ant
    38 | D        | Killed a worker ant
    38 | D        | Reached skill level 3 in Fighting
    38 | D        | Reached XP level 2. HP: 26/31 MP: 1/1
    58 | D        | Found a glowing silver altar of Zin.
    60 | D        | Found a viscous altar of Jiyva.
    63 | D        | Found Syfikiec's Bee Food.
    64 | D        | Found a bloodstained altar of Trog.
    64 | D        | Found an ancient bone altar of Kikubaaqudgha.
    64 | D        | Found an opulent altar of Gozag.
    64 | D        | Found Muemm's Identification Station.
    65 | D        | Found Xuthrauk's Jewellery.
    65 | D        | Found Eveocw's Advanced Armour.
    66 | D        | Noticed Terence
    74 | D        | Killed Terence
    74 | D        | Reached skill level 4 in Fighting
    74 | D        | Reached XP level 3. HP: 19/39 MP: 2/2
   133 | D        | Noticed Jessica
   135 | D        | Found Ecsuing's Basic Armour.
   135 | D        | Found Riemas's Miscellaneous Merchandise.
   137 | D        | Found a radiant altar of Vehumet.
   137 | D        | Found a shimmering altar of Xom.
   137 | D        | Found Diuq's Premium Goods.
   141 | D        | Noticed Sigmund
   143 | D        | Killed Jessica
   143 | D        | Reached * piety under Qazlal
   143 | D        | Reached XP level 4. HP: 35/49 MP: 3/3
   168 | D        | Killed Sigmund
   168 | D        | Arena points: 12 (+12) [x2]
   168 | D        | Reached skill level 5 in Fighting
   168 | D        | Reached skill level 6 in Dodging
   168 | D        | Reached XP level 5. HP: 7/59 MP: 4/4
   200 | D        | Round 2.
   206 | D        | Noticed Grinder
   220 | D        | Noticed Eustachio
   223 | D        | Reached ** piety under Qazlal
   231 | D        | Killed Eustachio
   231 | D        | Reached skill level 7 in Dodging
   231 | D        | Reached XP level 6. HP: 43/68 MP: 5/5
   237 | D        | Killed Grinder
   237 | D        | Reached *** piety under Qazlal
   237 | D        | Reached skill level 8 in Dodging
   237 | D        | Reached skill level 5 in Unarmed Combat
   237 | D        | Reached XP level 7. HP: 50/78 MP: 6/6
   248 | D        | Arena points: 54 (+42) [x3]
   272 | D        | Round 3.
   291 | D        | Reached **** piety under Qazlal
   295 | D        | Reached skill level 9 in Dodging
   296 | D        | Reached skill level 1 in Evocations
   298 | D        | Arena points: 138 (+84) [x4]
   343 | D        | Round 4.
   383 | D        | Reached ***** piety under Qazlal
   450 | D        | Reached XP level 8. HP: 62/87 MP: 7/7
   461 | D        | Bought a +0 troll leather armour for 180 gold pieces
   478 | D        | Noticed a yak
   487 | D        | Killed a yak
   487 | D        | Reached skill level 1 in Stealth
   487 | D        | Reached skill level 1 in Invocations
   510 | D        | Arena points: 278 (+140) [x5]
   533 | D        | Bought a faintly humming cloak for 332 gold pieces
   538 | D        | Identified the +0 cloak of Uveream {MR+ Str+3 Int-5 Dex+6} (You bought it in a shop in the Dungeon)
   538 | D        | Lost intelligence.
   543 | D        | Round 5.
   545 | D        | Noticed Aizul
   564 | D        | Killed Aizul
   564 | D        | Arena points: 558 (+280) [x7]
   564 | D        | Reached skill level 10 in Dodging
   685 | D        | Got a slimy cloak
   686 | D        | Got a serpentine rune of Zot
   697 | D        | Identified the +0 cloak of Analysis {rN+} (You found it in the Dungeon)
   702 | D        | Round 6.
   722 | D        | Noticed an iron troll
   748 | D        | Noticed an iron troll
   751 | D        | Noticed an iron troll
   761 | D        | HP: 4/88 [iron troll (9)]
   766 | D        | Reached XP level 9. HP: 37/98 MP: 0/9
   838 | D        | Demolished by an iron troll

Action                   |  1- 3 |  4- 6 |  7- 9 || total
-------------------------+-------+-------+-------++-------
Melee: Unarmed           |     9 |    24 |    69 ||   102
Invok: Upheaval          |       |       |     2 ||     2
       Elemental Force   |       |       |     1 ||     1
       Disaster Area     |       |       |     1 ||     1
Evoke: Wand              |       |     2 |     8 ||    10
  Use: Potion            |       |     1 |     8 ||     9
       Scroll            |       |       |     2 ||     2
  Eat: Bread ration      |       |       |     2 ||     2
